 Dungeon Crawl Stone Soup version 0.27.1-33-g824d729ab1 (webtiles) character file.

Game seed: 245342285677126273

2592 djsenpai the Slicer (level 9, -10/55 HPs)
             Began as a Gargoyle Berserker on Dec 12, 2021.
             Was an Elder of Trog.
             Shot with an arrow by a centaur (12 damage)
             ... on level 7 of the Dungeon.
             The game lasted 00:23:10 (7337 turns).

djsenpai the Slicer (Gargoyle Berserker)            Turns: 7337, Time: 00:23:10

Health: -10/55     AC: 14    Str: 23    XL:     9   Next: 58%
Magic:  9/9        EV: 11    Int: 11    God:    Trog [****..]
Gold:   430        SH:  4    Dex:  9    Spells: 8/8 levels left

rFire    . . .     SeeInvis .   c - +2 dagger (venom)
rCold    . . .     Faith    .   j - +0 buckler
rNeg     + + .     Spirit   .   B - +1 ring mail {rN+}
rPois    ∞         Reflect  .   (no helmet)
rElec    +         Harm     .   f - +0 cloak
rCorr    +         Rampage  .   (no gloves)
Will     .....                  (no boots)
Stlth    +.........             p - amulet of the Messenger {Fly Regen+ Int+2}
HPRegen  1.18/turn              q - ring of resist corrosion
MPRegen  0.11/turn              (no ring)

@: about to teleport, flying
A: sickness immunity, AC +6, negative energy resistance 1, electricity
resistance, torment resistance 1, petrification resistance
a: Renounce Religion, Berserk, Trog's Hand, Brothers in Arms


You were on level 7 of the Dungeon.
You worshipped Trog.
Trog was greatly pleased with you.
You visited 2 branches of the dungeon, and saw 8 of its levels.
You also visited: Ossuary.

You collected 430 gold pieces.

Inventory:

Hand Weapons
 c - a +2 dagger of venom (weapon)
 d - a +2 dagger of electrocution
Missiles
 n - a silver boomerang (quivered)
Armour
 f - a +0 cloak (worn)
 j - a +0 buckler (worn)
 B - a +1 ring mail of positive energy (worn)
Jewellery
 p - the amulet of the Messenger (around neck) {Fly Regen+ Int+2}
   (You found it on level 4 of the Dungeon)

   [amulet of regeneration]

   Int:       It affects your intelligence (+2).
   Fly:       It grants you flight.
   Regen:     It increases your rate of health regeneration.
 q - a ring of resist corrosion (left hand)
 A - an amulet of reflection
Wands
 s - a wand of charming (2)
Scrolls
 b - 3 scrolls of enchant weapon {unknown}
 e - 3 scrolls of enchant armour
 h - 3 scrolls of teleportation
 i - 8 scrolls of identify {unknown}
 o - a scroll of fear {unknown}
 u - a scroll of fog {unknown}
 w - a scroll of noise {unknown}
 x - 2 scrolls of magic mapping {unknown}
 y - 2 scrolls of amnesia {unknown}
 C - a scroll of blinking {unknown}
 D - a scroll of immolation {unknown}
Potions
 a - a potion of mutation {unknown}
 g - 2 potions of flight {unknown}
 k - 2 potions of heal wounds {unknown}
 l - 2 potions of attraction {unknown}
 m - 9 potions of curing {unknown}
 r - a potion of lignification {unknown}
 t - 3 potions of haste
 v - 2 potions of degeneration {unknown}
 z - a potion of resistance {unknown}
 E - 2 potions of invisibility {unknown}


   Skills:
 + Level 6.0 Fighting
 * Level 8.2 Short Blades
 - Level 3.1 Maces & Flails
 + Level 0.1 Throwing
 + Level 5.6 Armour
 + Level 3.5 Dodging
 + Level 1.7 Stealth
 - Level 4.0 Shields


You had 8 spell levels left.
You didn't know any spells.
Your spell library was empty.

Dungeon Overview and Level Annotations

Branches:
Dungeon (7/15)             Temple (1/1) D:6         Ossuary (visited)

Altars:
Ashenzari
Cheibriados
Dithmenos
Elyvilon
Fedhas
Gozag
Kikubaaqudgha
Makhleb
Nemelex Xobeh
Okawaru
Qazlal
Ru
Sif Muna
Trog
Uskayaw
Vehumet
Wu Jian
Xom
Yredelemnul
Zin
The Shining One

Shops:
D:1 (   D:3 [


Innate Abilities, Weirdness & Mutations

You are immune to sickness and miasma.
Your stone body is resilient. (AC +6)
You are immune to poison.
You resist negative energy. (rN+)
You are resistant to electric shocks. (rElec)
You are resistant to unholy torment.
You are immune to petrification.


Message History

The arrow barely misses you.
The centaur shoots an arrow.
The arrow hits you.
The centaur shouts!
The centaur shoots an arrow.
The arrow closely misses you.
The centaur wields a +1 vorpal shortbow.
The centaur shoots an arrow.
You block the arrow.
The centaur shouts!
The centaur shoots an arrow.
You block the arrow.
The centaur shoots an arrow.
The arrow hits you but does no damage.
The centaur shoots an arrow.
The arrow closely misses you.
The centaur shoots an arrow.
You block the arrow.
The centaur shoots an arrow.
The arrow closely misses you.
The centaur shoots an arrow.
The arrow misses you.
The centaur shoots an arrow.
The arrow hits you.
The centaur shoots an arrow.
The arrow misses you.
The centaur shoots an arrow.
You block the arrow.
The centaur shoots an arrow.
The arrow hits you.
The centaur shoots an arrow.
The arrow hits you!
The centaur shoots an arrow.
You block the arrow.
The centaur shoots an arrow.
The arrow hits you!
The centaur shoots an arrow.
The arrow hits you.
The centaur shoots an arrow.
You block the arrow.
The centaur shoots an arrow.
The arrow closely misses you.
The centaur shoots an arrow.
The arrow closely misses you.
The centaur shoots an arrow.
The arrow hits you.
* * * LOW HITPOINT WARNING * * *
x2 The centaur shoots an arrow.
The arrow hits you but does no damage.
The centaur shoots an arrow.
The arrow hits you.
* * * LOW HITPOINT WARNING * * *
The centaur shoots an arrow.
The arrow hits you.
* * * LOW HITPOINT WARNING * * *
The centaur shoots an arrow.
The arrow hits you but does no damage.
The centaur shoots an arrow.
The arrow hits you but does no damage.
The centaur shoots an arrow.
The arrow hits you.
* * * LOW HITPOINT WARNING * * *
As you read the scroll of teleportation, it crumbles to dust.
You feel strangely unstable.
The centaur shoots an arrow.
The arrow hits you but does no damage.
The centaur shoots an arrow.
The arrow hits you.
* * * LOW HITPOINT WARNING * * *
x2 A centaur comes into view.
The centaur shoots an arrow.
The arrow misses you.
The centaur shoots an arrow.
The arrow hits you!
You die...

######### ####
###........ ...#
########...≈≈≈≈≈≈.
...##
#........@≈≈≈≈≈≈≈≈
....#
#.....##≈≈≈≈≈..≈≈≈
§...#
#.....≈≈≈≈≈≈c####.
§§..# #....≈≈≈≈≈≈≈c#
§§..####..≈≈≈≈≈≈≈≈≈c#
.........≈≈≈≈≈≈≈≈≈c.#
.≈...#...≈≈≈≈≈≈≈≈≈..#
....)...≈≈≈≈≈≈≈≈≈≈.c#
...#.#..≈≈≈≈≈≈≈≈≈≈c.


You could see 5 centaurs.

Vanquished Creatures
  Pikel (D:4)
  Sigmund (D:3)
  A wraith (D:7)
  A water moccasin (D:5)
  An orc warrior (D:7)
  2 black bears (D:5)
  An ogre (D:6)
  4 lemures (D:4)
  2 bullfrogs (D:7)
  A scorpion (D:5)
  5 electric eels (D:6)
  2 howler monkeys
  3 bullfrog zombies
  A centaur zombie (D:4)
  2 hounds
  A bullfrog skeleton (D:6)
  A centaur skeleton (D:7)
  A gnoll shaman (D:7)
  Ijyb (D:5)
  Natasha (thrice) (D:3)
  2 orc wizards (D:6)
  3 iguanas
  A killer bee zombie (D:7)
  11 mummies (Ossuary)
  Robin (D:4)
  5 gnolls (D:7)
  6 adders
  A river rat (D:4)
  A shadow imp (D:7)
  An ufetubus (D:6)
  3 worms
  3 dart slugs
  8 orcs
  5 endoplasms
  6 giant cockroaches
  15 goblins
  7 hobgoblins
  3 jackals (D:2)
  6 kobolds
  4 quokkas
  5 ball pythons
  3 bats
  2 frilled lizards
  5 gnoll skeletons (Ossuary)
  A goblin skeleton (Ossuary)
  2 kobold skeletons (Ossuary)
  6 rats
  11 rat skeletons (Ossuary)
  A butterfly (D:6)
163 creatures vanquished.

Vanquished Creatures (others)
  A shadow imp (D:6)
1 creature vanquished.

Grand Total: 164 creatures vanquished

Notes
Turn   | Place    | Note
-------+----------+-------------------------------------------
     0 | D:1      | djsenpai the Gargoyle Berserker began the quest for the
                  | Orb.
     0 | D:1      | Reached XP level 1. HP: 14/14 MP: 1/1
   356 | D:1      | Found Qymifuric's Antique Weapon Emporium.
   368 | D:1      | Found a faded altar of an unknown god.
   636 | D:1      | Reached XP level 2. HP: 19/19 MP: 2/2
  1279 | D:2      | Reached XP level 3. HP: 20/24 MP: 3/3
  1554 | D:2      | Reached skill level 1 in Shields
  1858 | D:2      | Reached ** piety under Trog
  1894 | D:2      | Reached skill level 1 in Short Blades
  1990 | D:2      | Reached XP level 4. HP: 29/29 MP: 4/4
  2454 | D:3      | Noticed Sigmund
  2468 | D:3      | Killed Sigmund
  2469 | D:3      | Reached skill level 3 in Short Blades
  2469 | D:3      | Reached skill level 1 in Stealth
  2469 | D:3      | Reached XP level 5. HP: 33/33 MP: 5/5
  2469 | D:3      | Reached XP level 6. HP: 38/38 MP: 6/6
  2557 | D:3      | Found Kiocs's Armour Boutique.
  2621 | D:3      | Noticed Natasha
  2628 | D:3      | Killed Natasha
  2782 | D:3      | Noticed Natasha
  2792 | D:3      | Killed Natasha
  2798 | D:3      | Noticed Natasha
  2803 | D:3      | Killed Natasha
  3055 | D:4      | Identified the +0 helmet of the Fiddle {Drain Dex+6}
  3055 | D:4      | Noticed Robin
  3081 | D:4      | Reached *** piety under Trog
  3085 | D:4      | Killed Robin
  3204 | D:4      | Found a shadowy altar of Dithmenos.
  3223 | D:4      | Found a hide-covered altar of Uskayaw.
  3310 | D:4      | Found a radiant altar of Vehumet.
  3314 | D:4      | Noticed Pikel
  3368 | D:4      | Killed Pikel
  3369 | D:4      | Reached skill level 5 in Short Blades
  3369 | D:4      | Reached XP level 7. HP: 20/44 MP: 7/7
  3659 | D:4      | Identified the amulet of the Messenger {Fly Regen+ Int+2}
  3878 | D:4      | Reached XP level 8. HP: 47/48 MP: 8/8
  4189 | D:4      | Identified the +0 ring mail of Wasted Space {+Inv Regen+
                  | Str-4 Dex+3}
  4374 | D:5      | Entered Level 5 of the Dungeon
  4548 | D:5      | Noticed Ijyb
  4558 | D:5      | Killed Ijyb
  4565 | D:5      | Found a sand-covered staircase.
  4596 | Ossuary  | Entered an ossuary
  4680 | Ossuary  | Reached skill level 5 in Fighting
  4860 | Ossuary  | Reached skill level 6 in Short Blades
  5209 | D:5      | Reached skill level 7 in Short Blades
  5586 | D:6      | Found a staircase to the Ecumenical Temple.
  5610 | Temple   | Entered the Ecumenical Temple
  5794 | D:6      | Found a sparkling altar of Nemelex Xobeh.
  5909 | D:6      | Reached **** piety under Trog
  5910 | D:6      | Reached XP level 9. HP: 53/54 MP: 9/9
  6310 | D:6      | Reached skill level 5 in Armour
  6788 | D:7      | Found a stormy altar of Qazlal.
  6836 | D:7      | Reached skill level 8 in Short Blades
  7337 | D:7      | HP: 2/55 [centaur/arrow (1)]
  7337 | D:7      | Shot with an arrow by a centaur

Illustrated notes

Levels and vault maps discovered:
D:1:      dpeg_arrival_arbitrary_a, layout_basic, serial_shops, shop,
          hellmonk_ecumenical_altar_run_dry
D:2:      minmay_inner_zag, layout_loops_ring
D:3:      layout_rooms, serial_shops, nicolae_shop_crystal, uniq_sigmund,
          uniq_natasha
D:4:      layout_basic, mainiacjoe_overflow_catwalk_spiral,
          nicolae_vehumet_radiance, gup_sewer_entry_spiral, uniq_robin,
          uniq_pikel
D:5:      layout_loops_cross, nicolae_ossuary_entry_monument, uniq_ijyb
D:6:      layout_gridville, old_standard_altar, minmay_temple_entry_butterflies,
          kennysheep_boxes
D:7:      layout_basic, nicolae_qazlal_general_emergency,
          minmay_stone_trees_small, centaur_isle
Temple:   nicolae_temple_elliptical

Skill      XL: |  1  2  3  4  5  6  7  8  9 |
---------------+----------------------------+-----
Shields        | 1 2 3 4 |  4.0
Short Blades   | 1 3 5 7 8 |  8.2
Dodging        | 2 3 |  3.5
Fighting       | 4 5 6 |  6.0
Stealth        | 1 |  1.7
Armour         | 3 4 5 |  5.6
Maces & Flails | |  3.1
Throwing       | |  0.1

Action                   |  1- 3 |  4- 6 |  7- 9 || total
-------------------------+-------+-------+-------++-------
Melee: Mace              |     7 |       |       ||     7
       Dagger            |    84 |   140 |   533 ||   757
Throw: Boomerang         |       |       |     3 ||     3
Invok: Berserk           |       |     3 |     2 ||     5
       Trog's Hand       |       |     1 |       ||     1
  Use: Scroll            |       |       |     3 ||     3
Armor: Animal skin       |     8 |       |       ||     8
       Ring mail         |    28 |    21 |    69 ||   118
       Scale mail        |       |    43 |    99 ||   142
Dodge: Dodged            |    37 |    55 |   181 ||   273
Block: Buckler           |       |    24 |    68 ||    92
